Fleur, neutral female sylph Wizard ^ ---- ---..| -------....| --- --..|.......| ---..- |..........----..... --........----...^.% |--......| |..--%.. --------........---..--.| --...................^...| |.........--........f...... --.|...---|.%...@d--------- ----.-- |..<..--- --- --%|.-- ---- Fleur the Thaumaturge Experience level: 7 Strength: 3 Dexterity: 10 Constitution: 15 Intelligence: 19 Wisdom: 16 Charisma: 8 Health: 45(62) Energy: 80(80) Def: 1 Gold: 0 Moves: 2674 Dungeon seed: T2QD_ii_aPzm6NUo Game ID: Fleur_1522309242 Your Inventory: Weapons a - 2 +0 daggers d - 5 cursed -2 daggers v - a blessed +0 dagger (weapon in hand) Armor e - an uncursed +0 cloak of magic resistance (being worn) r - an uncursed +0 pair of water walking boots Comestibles h - 5 uncursed food rations i - an uncursed lembas wafer l - 2 uncursed tripe rations Z - a blessed tin of floating eye meat Scrolls c - an uncursed scroll of identify X - an uncursed scroll of enchant armor Tools b - an uncursed partly used tallow candle (lit) (0:90) f - an uncursed stethoscope g - an uncursed partly used tallow candle (0:199) p - an uncursed magic whistle w - an uncursed lock pick Gems n - an uncursed worthless piece of black glass q - an uncursed worthless piece of green glass y - an uncursed black opal z - an uncursed worthless piece of red glass Spells and supernatural/magical abilities: Name Level Category Fail Memory a - force bolt 1 attack 0% 87% m - magic missile 2 attack 0% 97% H - haste self 3 escape 71% 87% W - pray for help -- divine ? -- Your skills at the end: Miscellaneous Skills wands [Basic] Weapon Skills quarterstaff [Basic] Spellcasting Skills attack spells [Basic] enchantment spells [Basic] Final Attributes: You were devoutly aligned. You were magic-protected. Your writing hand was a little cramped from use. You saw invisible. You had infravision. You were invisible to others. You were displaced. You were very stealthy. You were protected from shape changers. You survived. Vanquished creatures: a leather golem a giant spider a dingo a jaguar a dwarf lord 3 soldier ants a yellow light a rock mole a pony 4 gnome lords a gnomish wizard a kitten 11 dwarves 4 hobbits a giant rat 2 cave spiders 2 red molds 19 gnomes 2 gnome zombies 2 jackals a kobold 2 newts a goblin 2 sewer rats 2 grid bugs 68 creatures vanquished. Voluntary challenges: You were vegetarian. You did not adorn yourself with jewelry or accessories. You did not cause conflict. You were not invisible. You did not have reflection. You used a wielded weapon 11 times, starting on turn 321. You did not apply a unicorn horn. You did not use plumbed fixtures. You did not drink any magical draughts. You read items or engraved 4 times, starting on turn 655. You never genocided any monsters. You never polymorphed an object. You never changed form. You used no wishes. You never split a pudding. You wrote Elbereth's name 2 times, starting on turn 655. You violated your moral code, losing 1 point of alignment, starting on turn 808. Dungeon overview: The Dungeons of Doom: levels 1 to 3 Level 1 a long staircase Level 2 some fountains, a sink stairs to The Gnomish Mines Level 3 a fountain The Gnomish Mines: levels 3 to 8 Level 3 stairs to The Dungeons of Doom Level 4 Level 5 Level 6 many shops, a temple to Anhur, a magic chest, some fountains Level 7 Level 8 <- You were here History has recorded: On T:1 you entered the Dungeons of Doom to retrieve the Amulet of Yendor! On T:304 you reached level 2 of The Dungeons of Doom. On T:573 you reached level 1 of The Gnomish Mines. On T:645 you reached level 3 of The Dungeons of Doom. On T:790 you advanced to experience level 2. On T:811 you advanced to experience level 3. On T:831 you prayed to Thoth. On T:936 you advanced to experience level 4. On T:970 you reached level 2 of The Gnomish Mines. On T:1196 you advanced to experience level 5. On T:1569 you reached level 3 of The Gnomish Mines. On T:1658 you prayed to Thoth. On T:1799 you reached level 4 of The Gnomish Mines. On T:1919 you entered the Minetown temple On T:2001 you opened a magic chest. On T:2171 you reached level 5 of The Gnomish Mines. On T:2208 you advanced to experience level 6. On T:2295 you prayed to Thoth. On T:2368 you reached level 6 of The Gnomish Mines. On T:2656 you advanced to experience level 7. Score breakdown: Gold: 0 ( 0 points) Experience: 7 levels ( 600 points) Exploration: 8 levels ( 210 points) Discoveries: 8 items ( 400 points) Variety of kills: 25 monsters ( 1250 points) Major goal: reached Minetown ( 500 points) Survival: quit (score multiplied by 3) Total score: 8880 Latest messages: Hello Fleur, the sylph Wizard, welcome back to NetHack! Never mind. Final status: Goodbye Fleur the Wizard, quit... You quit in The Gnomish Mines on dungeon level 8 with 8880 points, and 0 pieces of gold, after 2674 moves. You were level 7 with a maximum of 62 hit points when you quit.